 Dungeon Crawl Stone Soup version 0.27-a0-1296-g8ece459b43 (console) character file.

Game seed: 705417359826024249

69 Hector the Cutter (level 4, 0/23 HPs)
             Began as a Spriggan Abyssal Knight on June 16, 2021.
             Was an Initiate of Gozag.
             Slain by an ogre (2 damage)
             ... on level 4 of the Dungeon.
             The game lasted 00:09:39 (5027 turns).

Hector the Cutter (Spriggan Abyssal Knight)         Turns: 5027, Time: 00:09:40

Health: 0/23       AC:  9    Str:  8    XL:     4   Next: 2%
Magic:  8/8        EV: 17    Int: 14    God:    Gozag
Gold:   251        SH:  0    Dex: 14    Spells: 6/7 levels left

rFire    . . .     SeeInvis +   q - +0 dagger (protect)
rCold    . . .     Faith    .   (shield restricted)
rNeg     . . .     Spirit   .   b - +0 robe
rPois    .         Reflect  .   (helmet restricted)
rElec    .         Harm     .   (no cloak)
rCorr    .         Rampage  .   (gloves unavailable)
Will     .....                  (boots unavailable)
Stlth    +.........             g - amulet of magic regeneration
HPRegen  0.07/turn              (no ring)
MPRegen  0.36/turn              (no ring)

@: under a protective aura, very quick
A: very small, no large weapons, unfitting armour, see invisible, speed 3
a: Renounce Religion, Potion Petition, Call Merchant, Bribe Branch


You were on level 4 of the Dungeon.
You worshipped Gozag.
Gozag was aware of your devotion.
You visited 1 branch of the dungeon, and saw 4 of its levels.
You visited the Abyss 1 time.

You collected 251 gold pieces.

Inventory:

Hand Weapons
 a - a +1 short sword
 i - a +0 dagger
 q - a +0 dagger of protection (weapon)
Missiles
 c - 48 stones
 j - 41 poisoned darts
 o - 3 boomerangs
Armour
 b - a +0 robe (worn)
Jewellery
 g - an amulet of magic regeneration (around neck)
Scrolls
 d - a scroll of fear {unknown}
 e - 2 scrolls of amnesia {unknown}
 h - 5 scrolls of identify {unknown}
 m - 2 scrolls of teleportation {unknown}
 r - a scroll of fog {unknown}
 s - a scroll of summoning {unknown}
Potions
 f - a potion of resistance {unknown}
 k - a potion of brilliance {unknown}
 l - 2 potions of lignification {unknown}
 n - a potion of heal wounds {unknown}
 p - a potion of might {unknown}


   Skills:
 - Level 2.4 Fighting
 - Level 4.1 Short Blades
 - Level 3.2 Dodging
 * Level 2.3 Spellcasting
 - Level 1.7 Invocations


You had 6 spell levels left.
You knew the following spells:

 Your Spells              Type           Power      Damage    Failure   Level
a - Corona                Hex            1%         N/A       22%         1

Your spell library contained the following spells:

 Spells                   Type           Power      Damage    Failure   Level
 Slow                     Hex            1%         N/A       34%         2
 Inner Flame              Hex/Fire       1%         N/A       56%         3
 Portal Projectile        Hex/Tloc       2%         N/A       56%         3
 Cause Fear               Hex            0%         N/A       92%         4
 Leda's Liquefaction      Hex/Erth       0%         N/A       92%         4


Dungeon Overview and Level Annotations

Branches:
Dungeon (4/15)
 Temple: D:4-7

Altars:
Gozag
Okawaru
Xom


Innate Abilities, Weirdness & Mutations

You are very small and have problems with some larger weapons.
You are too small for most types of armour.
You have supernaturally acute eyesight. (SInv)
You cover ground extremely quickly. (Speed+++)


Message History

The ogre is moderately wounded.
The ogre hits you with a +0 giant club!!
Ouch! That really hurt!
* * * LOW HITPOINT WARNING * * *
You hit the ogre but do no damage.
The ogre is moderately wounded.
You hit the ogre but do no damage.
The ogre is moderately wounded.
The ogre closely misses you.
You closely miss the ogre.
The ogre is moderately wounded.
The ogre misses you.
You hit the ogre.
The ogre is heavily wounded.
You hit the ogre.
The ogre is heavily wounded.
The ogre hits you but does no damage.
You hit the ogre but do no damage.
The ogre is heavily wounded.
You hit the ogre.
The ogre is heavily wounded.
The ogre closely misses you.
You hit the ogre but do no damage.
The ogre is heavily wounded.
The ogre misses you.
You hit the ogre.
The ogre is severely wounded.
You hit the ogre.
The ogre is severely wounded.
The ogre misses you.
You barely miss the ogre.
The ogre is severely wounded.
You barely miss the ogre.
The ogre is severely wounded.
The ogre closely misses you.
You hit the ogre.
The ogre is almost dead.
The ogre hits you with a +0 giant club.
You die...
Your body crumbles into a pile of gold.

$ . .≈ #
#########
≈##.
##.......#
...
###..#####.#
#.# #..)##
###.#
#.O##.###
#...# #.@#.#
###.###
##.#.# #...#
#...# #.###
#.#.## #.#
.......##.#
...###.#....#
####
#..##..######
##. #..#....#
.##......)#


You could see an ogre.

Vanquished Creatures
  An adder (D:2)
  2 worms
  4 ball pythons
  11 endoplasms
  2 giant cockroaches (D:1)
  5 hobgoblins
  4 jackals
  3 kobolds
  5 bats
  A frilled lizard (D:1)
  6 goblins
  3 rats
47 creatures vanquished.

Notes
Turn   | Place    | Note
-------+----------+-------------------------------------------
     0 | Abyss:1  | Hector the Spriggan Abyssal Knight began the quest for the
                  | Orb.
     0 | Abyss:1  | Reached XP level 1. HP: 11/11 MP: 3/3
    64 | Abyss:1  | Noticed a smoke demon
    66 | D:1      | Escaped the Abyss
   385 | D:1      | Reached skill level 1 in Spellcasting
   589 | D:1      | Reached XP level 2. HP: 11/16 MP: 4/4
   753 | D:1      | Reached * piety under Lugonu
  1030 | D:1      | Reached skill level 3 in Short Blades
  1056 | D:1      | Found a faded altar of an unknown god.
  1073 | D:1      | Fell from the grace of Lugonu
  1073 | D:1      | Became a worshipper of Gozag Ym Sagoz the Greedy
  1307 | D:1      | Reached XP level 3. HP: 15/19 MP: 7/7
  1720 | D:2      | Found an iron altar of Okawaru.
  3471 | D:3      | Found a shimmering altar of Xom.
  3537 | D:3      | Reached skill level 4 in Short Blades
  3756 | D:3      | Noticed a small abomination
  4031 | D:3      | Noticed a small abomination
  4908 | D:4      | Reached XP level 4. HP: 13/23 MP: 8/8
  4930 | D:4      | Learned a level 1 spell: Corona
  5009 | D:4      | Noticed an ogre
  5014 | D:4      | HP: 1/23 [ogre (18)]
  5027 | D:4      | Slain by an ogre

Illustrated notes

Levels and vault maps discovered:
D:1:      scummos_arrival_checkerplants, layout_rooms,
          ebering_ecumenical_altar_box, minmay_fountain_box
D:2:      layout_basic, basic_altar
D:3:      layout_basic, nicolae_overflow_crystal_walls
D:4:      layout_rooms, hellmonk_ghost_happy_afterlife,
          cheibrodos_sewer_entry_sluice, minmay_misc_feat_nine_boxes

Skill      XL: |  1  2  3 |
---------------+----------+-----
Spellcasting   | 1 2 |  2.3
Short Blades   | 3 4 |  4.1
Fighting       | |  2.4
Dodging        | |  3.2
Invocations    | |  1.7

Action                   |  1- 3 |  4- 6 || total
-------------------------+-------+-------++-------
Melee: Short sword       |   144 |       ||   144
       Dagger            |    66 |    34 ||   100
Invok: Depart the Abyss  |     1 |       ||     1
 Stab: Sleeping          |     4 |     1 ||     5
Armor: Robe              |    20 |     4 ||    24
Dodge: Dodged            |   124 |    22 ||   146

Table legend: (Time is in decaauts)
 A = Elapsed time spent in this place.
 B = Non-inter-level travel time spent in this place.
 C = Inter-level travel time spent in this place.
 D = Time resting spent in this place.
 E = Time spent auto-exploring this place.
 F = Levels seen in this place.
 G = Mean time per level.
                   A        B        C        D        E       F      G
               +--------+--------+--------+--------+--------+-----+--------+
         Total |   3834 |   3677 |    157 |    915 |   2082 |   5 |  766.8 |
       Dungeon |   3793 |   3636 |    157 |    915 |   2053 |   4 |  948.2 |
         Abyss |     41 |     41 |      0 |      0 |     29 |   1 |   41.0 |
               +--------+--------+--------+--------+--------+-----+--------+

Top non-repeatable levels by time:
     D:1: 1423 daAuts
     D:2: 1302 daAuts
     D:3: 785 daAuts
     D:4: 280 daAuts
 Abyss:1: 41 daAuts
